 Dungeon Crawl Stone Soup version 0.25.0-41-g26779e2 (webtiles) character file.

Game seed: 6830637126234638341

3490 Gadfly the Magician (level 9, -18/111 HPs)
             Began as a Purple Draconian Transmuter on July 11, 2020.
             Was a Follower of Wu Jian.
             Demolished by a white ugly thing (27 damage)
             ... on level 7 of the Dungeon.
             The game lasted 00:13:20 (8419 turns).

Gadfly the Magician (Purple Draconian Transmuter)   Turns: 8419, Time: 00:13:21

Health: -18/111    AC: 24    Str: 18    XL:     9   Next: 80%
Magic:  20/20      EV:  2    Int: 15    God:    Wu Jian [*.....]
Gold:   1739       SH:  0    Dex: 14    Spells: 10/22 levels left

rFire    . . .     SeeInvis .   b - +5 quarterstaff (chaos)
rCold    . . .     Gourm    .   (shield currently unavailable)
rNeg     + + +     Faith    .   (armour unavailable)
rPois    +         Spirit   .   (helmet currently unavailable)
rElec    .         Reflect  .   (cloak currently unavailable)
rCorr    .         Harm     .   (gloves currently unavailable)
MR       +....     NoTele   +   (boots currently unavailable)
Stlth    +.........             (no amulet)
HPRegen  0.28/turn              v - +4 ring of slaying
MPRegen  0.17/turn              g - +6 ring of strength

@: tree-form
A: (breathe power), unfitting armour, AC +7
a: Renounce Religion


You were on level 7 of the Dungeon.
You worshipped Wu Jian.
Wu Jian was aware of your devotion.
You were not hungry.
You were a tree.
You visited 2 branches of the dungeon, and saw 8 of its levels.
You also visited: Ossuary.

You collected 1739 gold pieces.

Inventory:

Hand Weapons
 b - a +5 quarterstaff of chaos (weapon)
Missiles
 a - 111 arrows
Armour
 n - a +0 pair of boots (melded)
 A - a +1 cloak of preservation (melded)
Magical Staves
 l - an uncursed staff of cold {unknown}
Jewellery
 f - a +4 ring of protection
 g - a +6 ring of strength (right branch)
 u - an uncursed ring of protection from magic
 v - a +4 ring of slaying (left branch)
 z - an uncursed ring of ice
Wands
 e - a wand of flame (15)
 j - a wand of random effects (30)
 x - a wand of iceblast (3)
Scrolls
 h - 4 scrolls of teleportation
 i - 2 scrolls of remove curse
 o - a scroll of identify
 y - a scroll of enchant weapon
Potions
 d - a potion of resistance {unknown}
 k - 2 potions of curing
 m - a potion of ambrosia {unknown}
 p - 2 potions of flight
 q - a potion of brilliance {unknown}
 r - a potion of haste {unknown}
 s - a potion of lignification
 t - a potion of stabbing {unknown}
 w - a potion of cancellation {unknown}
Comestibles
 c - 13 rations


   Skills:
 + Level 5.0 Fighting
 * Level 6.0 Dodging
 * Level 7.0 Unarmed Combat
 * Level 7.4 Spellcasting
 * Level 6.5 Transmutations
 + Level 4.1 Evocations


You had 10 spell levels left.
You knew the following spells:

 Your Spells              Type           Power        Failure   Level  Hunger
a - Beastly Appendage     Tmut           ####..       1%          1    None
b - Sticks to Snakes      Tmut           ####....     1%          2    None
c - Spider Form           Tmut/Pois      ###.......   10%         3    ##.....
d - Blade Hands           Tmut           ####......   24%         5    #####..
e - Corona                Hex            #......      13%         1    None

Your spell library contained the following spells:

 Spells                   Type           Power        Failure   Level  Hunger
 Animate Skeleton         Necr           N/A          13%         1    None
 Apportation              Tloc           #.....       13%         1    None
 Summon Small Mammal      Summ           #...         13%         1    None
 Ice Form                 Ice/Tmut       ###.....     32%         4    ####...


Dungeon Overview and Level Annotations

Branches:
Dungeon (7/15)             Temple (1/1) D:6         Ossuary (visited)

Altars:
Cheibriados
Dithmenos
Hepliaklqana
Kikubaaqudgha
Makhleb
Qazlal
Ru
Sif Muna
Trog
Vehumet
Wu Jian
Zin


Innate Abilities, Weirdness & Mutations

((You can breathe bolts of dispelling energy.))
((Your rich purple scales are hard. (AC +7)))
You cannot fit into any form of body armour.
((You are cold-blooded and may be slowed by cold attacks.))


Message History

The white ugly thing freezes you!
You feel as though you will be slow longer.
* * * LOW HITPOINT WARNING * * *
The white ugly thing engulfs you but does no damage.
Okay, then.
It was a potion of lignification.
You turn into a tree.
Your +1 cloak of preservation melds into your body.
Your +0 pair of boots melds into your body.
Your roots penetrate the ground.
The white ugly thing barely misses you.
The white ugly thing engulfs you but does no damage.
You feel better.
You feel yourself speed up.
The white ugly thing engulfs you but does no damage.
You closely miss the white ugly thing.
The white ugly thing is lightly wounded.
The white ugly thing engulfs you but does no damage.
The white ugly thing engulfs you!
* * * LOW HITPOINT WARNING * * *
The white ugly thing freezes you!!
You die...

#..#..###..)#.#
.#..
#.##..'#...#'.#
.'#
...#...###.###.#
....#..# ##.#.#
###' ###'### #.
#)....#
#.#.|..####
#'.:#..'.#
###♣...##..#
#.u.))# .#
###'### .#. .#
#. '# #' .# #.
.. .. '# #+


You could see a white ugly thing.

Vanquished Creatures
  2 hippogriffs (D:7)
  A steam dragon (D:7)
  A hungry ghost (D:6)
  2 ice beasts
  An orc warrior (D:7)
  A sky beast (D:6)
  A black bear (D:6)
  4 ogres
  A phantom (D:5)
  4 centaurs
  A big kobold (D:7)
  An elf zombie (Ossuary)
  Blork the orc (D:5)
  2 bullfrogs (D:7)
  A gnoll sergeant (D:6)
  2 scorpions
  An oklob sapling (D:6)
  A howler monkey (D:6)
  2 crimson imps (D:6)
  2 centaur zombies
  2 hounds (D:6)
  Crazy Yiuf (D:2)
  A quasit (D:7)
  An orc priest (D:7)
  A bullfrog skeleton (D:7)
  A centaur skeleton (D:4)
  Jessica (D:2)
  2 iguanas
  Terence (D:3)
  Ijyb (D:3)
  An orc wizard (D:4)
  5 worker ants
  A killer bee zombie (D:7)
  2 big kobold zombies (Ossuary)
  A hound zombie (Ossuary)
  A hound skeleton (D:7)
  2 howler monkey zombies
  3 mummies (Ossuary)
  12 gnolls
  A howler monkey skeleton (D:7)
  9 adders
  2 shadow imps
  2 oozes
  8 adder zombies
  An adder skeleton (D:6)
  2 worms
  4 leopard geckos
  9 orcs
  3 ball pythons
  5 bat zombies (D:4)
  9 giant cockroaches
  18 goblins
  8 hobgoblins
  10 jackals
  5 quokkas
  12 bats
  7 frilled lizards
  2 gnoll zombies (Ossuary)
  3 goblin zombies (Ossuary)
  2 hobgoblin zombies (Ossuary)
  5 jackal zombies
  12 kobolds
  4 kobold zombies (Ossuary)
  3 orc zombies (Ossuary)
  8 quokka zombies
  8 rats
  2 rat zombies
236 creatures vanquished.

Vanquished Creatures (others)
  An orc (D:5)
  A plant (D:6)
2 creatures vanquished.

Grand Total: 238 creatures vanquished

Notes
Turn   | Place    | Note
-------+----------+-------------------------------------------
     0 | D:1      | Gadfly the Draconian Transmuter began the quest for the
                  | Orb.
     0 | D:1      | Reached XP level 1. HP: 16/16 MP: 3/3
    64 | D:1      | Reached XP level 2. HP: 11/23 MP: 5/5
    68 | D:1      | Learned a level 2 spell: Sticks to Snakes
   860 | D:1      | Reached XP level 3. HP: 28/28 MP: 4/6
  1619 | D:1      | Learned a level 3 spell: Spider Form
  2024 | D:2      | Reached XP level 4. HP: 36/36 MP: 5/7
  2109 | D:2      | Noticed Jessica
  2123 | D:2      | Killed Jessica
  2466 | D:2      | Found a runed translucent door.
  2467 | D:2      | Noticed Crazy Yiuf
  2476 | D:2      | Killed Crazy Yiuf
  2476 | D:2      | Reached XP level 5. HP: 21/41 MP: 5/9
  2800 | D:3      | Noticed Ijyb
  2821 | D:3      | Killed Ijyb
  3090 | D:3      | Noticed Terence
  3098 | D:3      | Killed Terence
  3645 | D:4      | Reached XP level 6. HP: 50/50 MP: 10/10
  3652 | D:4      | Learned a level 5 spell: Blade Hands
  3968 | D:4      | Found an ancient bone altar of Kikubaaqudgha.
  4097 | D:4      | Found a shadowy altar of Dithmenos.
  4097 | D:4      | Noticed a shadow
  4099 | D:4      | Found a hazy altar of Hepliaklqana.
  4254 | D:4      | Learned a level 1 spell: Corona
  4300 | D:5      | Entered Level 5 of the Dungeon
  4322 | D:5      | Found a sand-covered staircase.
  4327 | Ossuary  | Entered an ossuary
  4449 | Ossuary  | Reached skill level 1 in Evocations
  4449 | Ossuary  | Your scales start taking on a rich purple colour.
  4449 | Ossuary  | Reached XP level 7. HP: 54/56 MP: 13/13
  4754 | D:5      | Identified a scroll of acquirement
  4754 | D:5      | Acquired 1430 gold pieces
  5017 | D:4      | Reached skill level 5 in Spellcasting
  5164 | D:5      | Reached skill level 5 in Unarmed Combat
  5330 | D:5      | Noticed Blork the orc
  5342 | D:5      | Killed Blork the orc
  5342 | D:5      | Reached XP level 8. HP: 57/63 MP: 15/15
  6065 | D:6      | Found a staircase to the Ecumenical Temple.
  6099 | Temple   | Entered the Ecumenical Temple
  6200 | Temple   | Became a worshipper of the Wu Jian Council
  6420 | D:6      | Reached skill level 5 in Transmutations
  6600 | D:6      | Reached skill level 5 in Dodging
  6903 | D:6      | Reached XP level 9. HP: 58/71 MP: 18/18
  7653 | D:7      | Reached * piety under Wu Jian
  8081 | D:7      | Noticed a white ugly thing
  8408 | D:7      | Reached skill level 5 in Fighting
  8415 | D:7      | HP: 2/74 [white ugly thing (13)]
  8419 | D:7      | Demolished by a white ugly thing

Illustrated notes

Levels and vault maps discovered:
D:1:      dpeg_arrival_round_a, layout_loops_corners
D:2:      layout_loops_ring, first_ration, uniq_crazy_yiuf_cottage, uniq_jessica
D:3:      layout_rooms, serial_rivers, chequers_serial_rivers_micro_b,
          chequers_serial_rivers_small_a, chequers_serial_rivers_micro_c,
          chequers_serial_rivers_room_a, uniq_terence, uniq_ijyb
D:4:      kennysheep_the_goblin_king, layout_gridville,
          riverfiend_overflow_shadow_ancestor, lemuel_zombie_altar_kikubaaqudgha
D:5:      layout_cave_pools, nicolae_ossuary_entry_plus, uniq_blork_the_orc
D:6:      layout_loops_ring, minmay_temple_entry_oklob
D:7:      minmay_the_grid_square_5x5_3x3 [minmay_the_grid_square_5x5_two,
          minmay_the_grid_square_5x5_corner, minmay_the_grid_square_5x5_shrine1,
          minmay_the_grid_square_5x5_beaten_path,
          minmay_the_grid_square_5x5_megaprize_crossed,
          minmay_the_grid_square_5x5_minimal, minmay_the_grid_square_5x5_v,
          minmay_the_grid_square_5x5_c, minmay_the_grid_square_5x5_slash],
          layout_rooms
Temple:   dpeg_five_rooms_temple

Skill      XL: |  1  2  3  4  5  6  7  8  9 |
---------------+----------------------------+-----
Dodging        | 2 3 4 5 6 |  6.0
Fighting       | 2 3 4 5 |  5.0
Spellcasting   | 3 4 5 6 7 |  7.4
Transmutations | 3 4 5 6 |  6.5
Unarmed Combat | 4 5 6 7 |  7.0
Evocations     | 1 2 3 4 |  4.1

Action                   |  1- 3 |  4- 6 |  7- 9 || total
-------------------------+-------+-------+-------++-------
Melee: Unarmed           |   135 |    42 |       ||   177
       Tailslap          |    14 |    29 |    51 ||    94
       Headbutt          |     4 |       |       ||     4
       Kick              |     7 |     1 |       ||     8
       Punch             |     3 |       |       ||     3
       Quarterstaff      |       |   175 |   309 ||   484
 Cast: Beastly Appendage |    14 |     3 |       ||    17
       Spider Form       |       |     1 |       ||     1
Invok: Lunge             |       |       |     9 ||     9
       Whirlwind         |       |       |     1 ||     1
 Abil: Breathe Dispellin |       |       |     1 ||     1
Evoke: Wand              |       |       |     1 ||     1
  Use: Scroll            |     3 |     5 |     7 ||    15
       Potion            |       |     1 |     5 ||     6
 Stab: Sleeping          |       |     2 |       ||     2
       Paralysed         |       |     2 |     5 ||     7
       Confused          |       |     1 |       ||     1
       Petrified         |       |       |     4 ||     4
       Petrifying        |       |       |     1 ||     1
  Eat: Chunk             |     4 |     8 |    11 ||    23
       Ration            |       |       |     1 ||     1
Armor: Skin              |    51 |   125 |   143 ||   319
Dodge: Dodged            |   104 |   200 |   250 ||   554
